 Dungeon Crawl Stone Soup version 0.28-a0-172-g787e458d71 (webtiles) character file.

Game seed: 5812407102164887071

832 Ezendos the Fighter (level 7, -1/85 HPs)
             Began as an Ogre Brigand on Aug 16, 2021.
             Was an Initiate of the Shining One.
             Succumbed to a hornet's poison
             ... on level 6 of the Dungeon.
             The game lasted 00:13:59 (6823 turns).

Ezendos the Fighter (Ogre Brigand)                  Turns: 6823, Time: 00:14:00

Health: -1/85      AC:  4    Str: 16    XL:     7   Next: 98%
Magic:  7/7        EV: 14    Int: 14    God:    the Shining One [......]
Gold:   145        SH:  0    Dex: 10    Spells: 6/6 levels left

rFire   . . .      SeeInvis .   g - +2 dagger (speed)
rCold   . . .      Faith    .   (no shield)
rNeg    . . .      Spirit   .   b - +0 robe
rPois   .          Reflect  .   (helmet restricted)
rElec   .          Harm     .   c - +0 cloak
rCorr   .          Rampage  .   (gloves unavailable)
Will    .....                   (boots unavailable)
Stlth   +.........              (no amulet)
HPRegen 0.24/turn               a - +4 ring of evasion
MPRegen 0.10/turn               (no ring)

@: mighty, lethally poisoned (-1 -> -10), slowed, glowing, very slow
A: large, unfitting armour, tough skin 1
a: Renounce Religion


You were on level 6 of the Dungeon.
You worshipped the Shining One.
The Shining One was noncommittal.
You visited 1 branch of the dungeon, and saw 6 of its levels.

You collected 178 gold pieces.
You spent 33 gold pieces at shops.

Inventory:

Hand Weapons
 g - a +2 dagger of speed (weapon)
 t - a +0 giant club
Missiles
 d - 38 poisoned darts (quivered)
 e - 2 curare-tipped darts
 j - a throwing net
Armour
 b - a +0 robe (worn)
 c - a +0 cloak (worn)
 v - a +0 tower shield
Jewellery
 a - a +4 ring of evasion (left hand)
Wands
 h - a wand of polymorph (12)
 s - a wand of acid (2)
Scrolls
 i - a scroll of fog
 l - a scroll of holy word {unknown}
 p - a scroll of blinking {unknown}
 q - a scroll of brand weapon {unknown}
 r - a scroll of silence
 u - a scroll of summoning {unknown}
Potions
 f - a potion of mutation
 k - 2 potions of attraction
 m - a potion of haste
 o - a potion of flight


   Skills:
 * Level 10.2 Fighting
 - Level 1.7 Short Blades
 + Level 1.7 Maces & Flails
 - Level 2.0 Throwing
 - Level 2.0 Armour
 - Level 2.0 Dodging
 - Level 3.0 Stealth


You had 6 spell levels left.
You didn't know any spells.
Your spell library contained the following spells:

 Spells                   Type           Power      Damage    Failure   Level
 Sandblast                Erth           0%         2d4       28%         1
 Passwall                 Tmut/Erth      0%         N/A       41%         2
 Blade Hands              Tmut           0%         N/A       100%        5
 Irradiate                Conj/Tmut      0%         3d13      100%        5
 Lee's Rapid Deconstruct  Erth           0%         3d5*      100%        5
 Dragon Form              Tmut           0%         N/A       100%        7


Dungeon Overview and Level Annotations

Branches:
Dungeon (6/15)
 Temple: D:4-7

Altars:
Okawaru
Ru
The Shining One

Shops:
D:2 *

Annotations:
D:3 Grinder, Sigmund
D:4 1 exclusion


Innate Abilities, Weirdness & Mutations

You are too large for most types of armour.
You have tough skin. (AC +1)


Message History

The hornet stings you but does no damage.
You barely miss the hornet.
The hornet is moderately wounded.
You feel extremely sick.
The hornet looks more healthy.
The hornet closely misses you. The hornet barely misses you. x3
You closely miss the hornet.
The hornet is moderately wounded.
You feel yourself speed up.
You feel very sick. The hornet closely misses you. The hornet stings you.
You feel yourself slow down. The hornet stings you.
You feel as though you will be slow longer.
Throw: 39 darts (poison)
Press: ? - help, Q - select action, (/) - cycle Shift-Dir - straight line, f/p - hornet
Aim: a hornet (moderately wounded, haloed, 66% to hit)
You throw a poisoned dart. The poisoned dart hits the hornet.
The hornet is poisoned.
The hornet is moderately wounded.
You feel sick. The hornet stings you.
You feel as though you will be slow longer.
The hornet stings you.
You suddenly lose the ability to move!
You feel sick. The hornet stings you.
You feel as though you will be slow longer.
You can move again.
Your hands tingle!
g - a +2 dagger of speed (weapon)
You feel sick. The hornet misses you.
You closely miss the hornet.
The hornet is heavily wounded.
You feel sick. The hornet stings you!
* * * LOW HITPOINT WARNING * * *
You are more poisoned.
You feel as though you will be slow longer.
The hornet stings you!
* * * LOW HITPOINT WARNING * * *
You feel as though you will be slow longer.
It was a potion of might.
You feel very mighty all of a sudden.
You die...

#............##
#............ .....
#####.<........ .....
#≈≈≈≈≈......... ......
≈≈≈≈≈≈≈≈....... ......
≈≈≈≈≈≈.≈≈...... #......
≈≈≈≈≈≈≈≈....... .......
####≈≈≈≈.##..####....≈.≈
#...≈.≈≈≈#...#..@....≈.≈
#...≈≈≈≈.>##..<#.y...≈.≈
##..≈.≈≈.......###...≈≈≈
#.≈≈≈≈≈......## ......
#.≈≈≈≈.≈......# ..(..
#..≈≈≈≈...#...# #....
##≈≈...≈#.#...... #...
#≈≈≈≈≈.###......# ...
#.≈≈≈≈.# ##...##..


You could see a hornet (poisoned).

Vanquished Creatures
  Menkaure (D:5)
  An ice beast (D:6)
  An ogre (D:5)
  Blork the orc (D:4)
  A scorpion (D:4)
  5 iguanas
  Ijyb (D:4)
  A hound zombie (D:5)
  A hound skeleton (D:4)
  Robin (D:2)
  5 adders
  9 gnolls
  An adder skeleton (D:4)
  A worm (D:4)
  3 dart slugs
  3 orcs (D:5)
  3 ball pythons
  12 endoplasms
  5 giant cockroaches
  12 goblins
  4 hobgoblins
  2 jackals (D:2)
  A quokka (D:3)
  5 bats
  2 frilled lizards (D:1)
  A kobold (D:1)
  13 rats
96 creatures vanquished.

Notes
Turn   | Place    | Note
-------+----------+-------------------------------------------
     0 | D:1      | Ezendos the Ogre Brigand began the quest for the Orb.
     0 | D:1      | Reached XP level 1. HP: 22/22 MP: 1/1
    97 | D:1      | Reached skill level 3 in Fighting
   208 | D:1      | Reached XP level 2. HP: 19/31 MP: 2/2
   528 | D:1      | Reached skill level 4 in Fighting
   671 | D:1      | Reached XP level 3. HP: 18/40 MP: 3/3
  1422 | D:2      | Found Byepsock's General Store.
  1422 | D:2      | Noticed Robin
  1512 | D:2      | Reached skill level 5 in Fighting
  1679 | D:2      | Bought a scroll of fog for 22 gold pieces
  1679 | D:2      | Bought a potion of degeneration for 11 gold pieces
  2074 | D:2      | Reached XP level 4. HP: 46/50 MP: 4/4
  2428 | D:2      | Killed Robin
  2429 | D:2      | Reached skill level 1 in Dodging
  3039 | D:3      | Noticed Sigmund
  3075 | D:3      | Found a faded altar of an unknown god.
  3210 | D:3      | Noticed Grinder
  3210 | D:3      | Paralysed by Grinder for 2 turns
  3235 | D:3      | Paralysed by Grinder for 4 turns
  3244 | D:3      | Paralysed by Grinder for 3 turns
  3582 | D:4      | Reached skill level 6 in Fighting
  3646 | D:4      | Reached XP level 5. HP: 13/59 MP: 5/5
  3945 | D:4      | Noticed Blork the orc
  3958 | D:4      | Killed Blork the orc
  3959 | D:4      | Reached skill level 1 in Armour
  4074 | D:4      | Noticed a black bear
  4096 | D:4      | Noticed Ijyb
  4147 | D:4      | Killed Ijyb
  4148 | D:4      | Reached XP level 6. HP: 34/68 MP: 6/6
  4341 | D:4      | Reached skill level 7 in Fighting
  4752 | D:4      | Found a glowing golden altar of the Shining One.
  4788 | D:4      | Became a worshipper of the Shining One
  5013 | D:5      | Entered Level 5 of the Dungeon
  5233 | D:5      | Reached skill level 8 in Fighting
  5349 | D:5      | Noticed Menkaure
  5365 | D:5      | Killed Menkaure
  5366 | D:5      | Reached skill level 9 in Fighting
  5366 | D:5      | Reached XP level 7. HP: 33/83 MP: 7/7
  6045 | D:5      | Reached skill level 1 in Maces & Flails
  6342 | D:5      | Found a sacrificial altar of Ru.
  6342 | D:5      | Found an iron altar of Okawaru.
  6793 | D:6      | Reached skill level 10 in Fighting
  6811 | D:6      | Noticed a hornet
  6819 | D:6      | Paralysed by a hornet for 2 turns
  6822 | D:6      | HP: 2/85 [hornet (12)]
  6823 | D:6      | Succumbed to a hornet's poison

Illustrated notes

Levels and vault maps discovered:
D:1:      dpeg_arrival_lava_temple_mockup, layout_basic
D:2:      layout_rooms, serial_shops,
          nicolae_shop_temple_entry_statues_fountains, uniq_robin
D:3:      layout_loops_ring, shapermc_ecumenical_altar_starsandcircs,
          uniq_grinder, uniq_sigmund
D:4:      layout_basic, tso_altar, portal_sewer_entry_e, uniq_blork_the_orc,
          uniq_ijyb
D:5:      layout_loops_ring, amethyst_overflow_temple_binary, minmay_puff,
          uniq_menkaure
D:6:      layout_cave_pools, nzn_overflow_gifts_of_might_and_magic,
          kennysheep_mini, beargit_hepliaklqana_dungeon_heroes, serial_rivers,
          chequers_serial_rivers_room_b, chequers_serial_rivers_marsh,
          chequers_serial_rivers_small_a, chequers_serial_rivers_micro_c,
          chequers_serial_rivers_large_a, chequers_serial_rivers_micro_d

Skill      XL: |  1  2  3  4  5  6  7 |
---------------+----------------------+-----
Stealth        | 3 |  3.0
Fighting       | 3 4 5 6 9 10 | 10.2
Dodging        | 1 2 |  2.0
Armour         | 1 2 |  2.0
Maces & Flails | 1 |  1.7
Short Blades   | |  1.7
Throwing       | |  2.0

Action                   |  1- 3 |  4- 6 |  7- 9 || total
-------------------------+-------+-------+-------++-------
Melee: Dagger            |   134 |   220 |    25 ||   379
       Unarmed           |       |    28 |       ||    28
       Giant club        |       |       |    14 ||    14
Throw: Dart              |     4 |    80 |    37 ||   121
  Use: Scroll            |       |     6 |     1 ||     7
       Potion            |       |     2 |     1 ||     3
 Stab: Sleeping          |     3 |     5 |       ||     8
Armor: Robe              |    51 |    36 |     4 ||    91
Dodge: Dodged            |    56 |   129 |    36 ||   221

Table legend: (Time is in decaauts)
 A = Elapsed time spent in this place.
 B = Non-inter-level travel time spent in this place.
 C = Inter-level travel time spent in this place.
 D = Time resting spent in this place.
 E = Time spent auto-exploring this place.
 F = Levels seen in this place.
 G = Mean time per level.
                   A        B        C        D        E       F      G
               +--------+--------+--------+--------+--------+-----+--------+
         Total |   6739 |   6307 |    432 |    512 |   4270 |   6 | 1123.2 |
       Dungeon |   6739 |   6307 |    432 |    512 |   4270 |   6 | 1123.2 |
               +--------+--------+--------+--------+--------+-----+--------+

Top non-repeatable levels by time:
     D:1: 2075 daAuts
     D:5: 1685 daAuts
     D:4: 1403 daAuts
     D:2: 909 daAuts
     D:3: 563 daAuts
     D:6: 101 daAuts
